Map: Apotheosis LE

Players

Theios

  • Race: Zerg Zerg
  • League: Diamond

A.I. 2 (Very Easy) - Winner!

  • Race: Terran Terran

VOD

Have the link to the VOD?

Description

Time

  • Played on: Oct. 9, 2016, 1:44 p.m.
  • Length: 10:32
Show
View Real Time Build Order
Export as new Build Order

Theios Zerg 

Build Orders: Hatch First 

Get SALT Encoding   

  12  0:01  Drone  
  13  0:12  Overlord  
  13  0:17  Drone  
  14  0:30  Drone  
  14  0:31  Drone  
  14  0:34  Drone  
  17  0:54  Hatchery  
  17  0:56  Drone  
  17  1:02  Drone  
  18  1:07  Extractor  
  17  1:16  Spawning Pool  
  16  1:21  Drone  
  16  1:22  Drone  
  18  1:28  Drone  
  19  1:45  Overlord  
  19  1:51  Drone  
  20  2:03  Queen  
  20  2:06  Metabolic Boost, Queen  
  25  2:08  Drone  
  25  2:10  Drone  
  25  2:14  Drone  
  27  2:19  Drone  
  27  2:21  Drone  
  29  2:30  Drone  
  29  2:35  Drone  
  31  2:42  Queen  
  33  2:47  Drone x2  
  33  2:50  Pneumatized Carapace  
  35  2:51  Drone  
  35  2:54  Overlord  
  36  3:00  Overlord  
  36  3:16  Drone x7  
  36  3:17  Drone  
  44  3:25  Drone x2  
  46  3:30  Hatchery  
  46  3:32  Drone  
  46  3:38  Drone  
  46  3:40  Evolution Chamber  
  46  3:41  Evolution Chamber  
  46  3:44  Queen  
  47  3:48  Drone  
  47  3:49  Drone x2  
  47  3:53  Queen  
  52  4:02  Overlord x2  
  52  4:06  Zerg Melee Weapons Level 1  
  52  4:16  Zerg Ground Armor Level 1  
  52  4:31  Queen  
  54  4:39  Drone x12  
  66  4:48  Queen  
  66  4:51  Zergling x2  
  66  4:52  Zergling x10  
  74  4:55  Lair  
  74  5:00  Extractor, Hatchery  
  74  5:01  Extractor  
  71  5:10  Overlord  
  71  5:12  Zergling x2  
  71  5:13  Zergling x4  
  74  5:14  Overlord  
  74  5:23  Overlord  
  74  5:32  Drone x5  
  74  5:33  Drone x6  
  85  5:54  Hatchery  
  84  6:01  Infestation Pit  
  84  6:02  Extractor  
  84  6:03  Extractor  
  81  6:05  Zerg Melee Weapons Level 2  
  81  6:15  Zerg Ground Armor Level 2  
  81  6:19  Queen  
  81  6:21  Zergling x2  
  81  6:22  Zergling x34  
  101  6:32  Overlord x2  
  101  6:36  Overlord x2  
  101  6:37  Overlord  
  101  6:39  Overlord x3  
  103  6:49  Queen  
  103  6:50  Queen  
  103  6:52  Hive  
  104  6:55  Extractor, Drone x3  
  104  6:56  Overlord  
  106  7:03  Drone x8  
  113  7:19  Zergling x2  
  113  7:20  Zergling x20  
  124  7:32  Baneling Nest  
  122  8:01  Queen  
  124  8:09  Adrenal Glands  
  124  8:10  Hatchery  
  124  8:12  Ultralisk Cavern  
  122  8:35  Zergling x14  
  122  8:36  Zergling x58  
  122  8:37  Zergling x6  
  161  8:45  Overlord x2  
  161  9:00  Overlord x3  
  161  9:01  Chitinous Plating  
  161  9:02  Overlord  
  167  9:03  Ultralisk x6  
  167  9:07  Overlord  
  196  9:52  Hatchery  
  195  9:54  Spire  
  195  9:57  Hatchery  
  193  10:15  Baneling x4  
  193  10:16  Baneling x30  
  193  10:17  Baneling x14  
Show
View Real Time Build Order
Export as new Build Order

A.I. 2 (Very Easy) Terran - Winner!

Build Orders:  

Get SALT Encoding   

  12  0:00  SCV  
  13  0:13  SCV  
  14  0:19  Supply Depot  
  14  0:37  Refinery  
  14  0:43  Barracks  
  14  1:06  Supply Depot  
  14  1:13  Refinery  
  14  1:30  Marine  
  14  1:31  Orbital Command  
  15  1:57  SCV  
  16  2:09  SCV  
  17  2:17  Marine  
  17  2:21  SCV  
  19  2:34  SCV  
  19  2:35  Barracks Tech Lab  
  20  2:46  SCV  
  21  2:58  SCV  
  22  3:04  Marauder  
  24  6:43  Marine, SCV  
  24  6:44  Supply Depot  
  25  6:48  Factory  
  22  6:55  SCV  
  19  7:07  SCV  
  15  7:13  Marauder  
  15  7:19  SCV  
  11  7:31  SCV  
  10  7:41  Marauder  
  10  7:42  Command Center  
  10  7:43  SCV  
  13  7:49  Starport  
  13  7:55  SCV  
  14  8:08  SCV  
  14  8:12  Marine  
  16  8:20  SCV  
  16  8:25  Starport Tech Lab  
  17  8:32  SCV  
  18  8:44  Raven, Marine, SCV  
  22  8:56  SCV  
  22  8:57  SCV  
  22  8:58  Refinery  
  24  9:08  SCV  
  25  9:12  SCV  
  25  9:15  Marine  
  27  9:17  Refinery  
  27  9:20  SCV  
  28  9:26  SCV  
  28  9:27  Raven  
  30  9:33  SCV  
  26  9:41  SCV  
  27  9:47  Marine  
  27  9:48  SCV  
  29  9:55  SCV  
  30  10:02  SCV  
  31  10:09  SCV  
  32  10:16  SCV  
Tags
 
Add a new tag
Caveats
  • Supply blocks, unpowered buildings, or Contaminate may cause inaccurate times.
  • Supply counts are checked every 10 seconds.